 Dungeon Crawl Stone Soup version 0.25.1-2-g60ff931df9 (webtiles) character file.

Game seed: 11079271654996039040

225 pokeman the Magician (level 5, 0/29 HPs)
             Began as a Deep Elf Wizard on Oct 29, 2020.
             Slain by an adder (2 damage)
             ... on level 4 of the Dungeon.
             The game lasted 00:07:39 (3998 turns).

pokeman the Magician (Deep Elf Wizard)              Turns: 3998, Time: 00:07:40

Health: 0/29       AC:  5    Str:  4    XL:     5   Next: 68%
Magic:  5/15       EV: 12    Int: 24    God:
Gold:   96         SH:  0    Dex: 13    Spells: 5/16 levels left

rFire    . . .     SeeInvis .   n - +1 mace (drain)
rCold    . . .     Gourm    .   (no shield)
rNeg     . . .     Faith    .   g - +0 leather armour
rPois    .         Spirit   .   b - +0 hat
rElec    .         Reflect  .   (no cloak)
rCorr    .         Harm     .   k - +0 pair of gloves
MR       .....                  p - +0 pair of boots
Stlth    +.........             (no amulet)
HPRegen  0.09/turn              l - ring of flight
MPRegen  0.14/turn              (no ring)

@: confused
A: no striking features
a: Evoke Flight


You were on level 4 of the Dungeon.
You were not hungry.

You visited 1 branch of the dungeon, and saw 4 of its levels.

You collected 96 gold pieces.

Inventory:

Hand Weapons
 n - a +1 mace of draining (weapon)
Armour
 b - a +0 hat (worn)
 g - a +0 leather armour (worn)
 k - a +0 pair of gloves (worn)
 p - a +0 pair of boots (worn)
Jewellery
 j - an uncursed amulet of guardian spirit
 l - a ring of flight (left hand)
Scrolls
 c - 6 scrolls of identify {unknown}
 e - 2 scrolls of amnesia {unknown}
 f - a scroll of enchant weapon {unknown}
 h - 6 scrolls of teleportation {unknown}
 i - 2 scrolls of remove curse {unknown}
 o - a scroll of immolation {unknown}
Potions
 a - 2 potions of lignification {unknown}
 m - 6 potions of curing {unknown}
 q - a potion of ambrosia {unknown}
 s - a potion of resistance {unknown}
Comestibles
 d - 10 rations
 r - 2 chunks of flesh


   Skills:
 - Level 1.0 Fighting
 - Level 1.0 Armour
 - Level 3.1 Dodging
 + Level 2.8 Stealth
 * Level 6.4 Spellcasting
 + Level 2.8 Conjurations
 - Level 1.1 Summonings
 - Level 1.1 Translocations
 + Level 0.8 Poison Magic
 - Level 1.4 Evocations


You had 5 spell levels left.
You knew the following spells:

 Your Spells              Type           Power        Failure   Level  Hunger
a - Magic Dart            Conj           ###.         4%          1    None
b - Mephitic Cloud        Conj/Pois/Air  ##......     24%         3    None
c - Call Imp              Summ           ##......     13%         2    None
d - Blink                 Tloc           N/A          13%         2    None
e - Conjure Flame         Conj/Fire      ##......     22%         3    None

Your spell library contained the following spells:

 Spells                   Type           Power        Failure   Level  Hunger
 Slow                     Hex            #.......     21%         2    None


Dungeon Overview and Level Annotations

Branches:
Dungeon (4/15)
 Temple: D:4-7

Altars:
Elyvilon


Message History

The ball explodes into a vile cloud!
The stinking cloud engulfs the adder but does no damage.
The stinking cloud engulfs the gnoll but does no damage.
The stinking cloud engulfs you but does no damage.
You are engulfed in noxious fumes.
You choke on the stench!
You are confused.
* * * LOW HITPOINT WARNING * * *
You hear a shout!
You hear a bark!
You hear a shout!
The adder is engulfed in noxious fumes.
The adder bites you.
* * * LOW HITPOINT WARNING * * *
The gnoll is engulfed in noxious fumes.
The gnoll appears confused.
The gnoll hits the adder with a +0 spear.
The gnoll hits itself with a +0 spear!
You bump into the rock wall.
You are engulfed in noxious fumes.
You choke on the stench!
You are more confused.
* * * LOW HITPOINT WARNING * * *
The adder is engulfed in noxious fumes.
The adder appears confused.
The adder bites you.
You die...

#.#........
...##5##.#
#.......###
....#55.#.#
#.......#
.<..#.∩$#.#
#####.......# ##
.#./ #.#
#...........+ .#
#.# #....#......#
..# #....#####....
.## # #....# #.###
# ... #....# #@#
.....##....#####S#
....>')....'g..g.#
...))##....#######
... #....# .
#....# ######


You could see a gnoll (confused) and an adder (confused).

Vanquished Creatures
  A big kobold (D:4)
  A gnoll shaman (D:4)
  An orc wizard (D:3)
  A worker ant (D:4)
  2 adders (D:3)
  3 gnolls (D:4)
  2 worms (D:2)
  3 dart slugs
  A leopard gecko (D:3)
  2 orcs (D:3)
  A ball python (D:3)
  3 giant cockroaches
  3 goblins
  7 hobgoblins
  7 kobolds
  A quokka (D:4)
  6 bats
  2 frilled lizards (D:1)
  6 rats
53 creatures vanquished.

Notes
Turn   | Place    | Note
-------+----------+-------------------------------------------
     0 | D:1      | pokeman the Deep Elf Wizard began the quest for the Orb.
     0 | D:1      | Reached XP level 1. HP: 10/10 MP: 7/7
   758 | D:1      | Reached XP level 2. HP: 16/16 MP: 6/9
  1330 | D:2      | Found a faded altar of an unknown god.
  1376 | D:2      | Reached skill level 5 in Spellcasting
  1687 | D:2      | Reached XP level 3. HP: 20/20 MP: 9/11
  1692 | D:2      | Learned a level 3 spell: Mephitic Cloud
  1695 | D:2      | Learned a level 2 spell: Call Imp
  1698 | D:2      | Learned a level 2 spell: Blink
  1702 | D:2      | Learned a level 3 spell: Conjure Flame
  2078 | D:2      | Found a white marble altar of Elyvilon.
  2278 | D:2      | Reached skill level 1 in Armour
  2571 | D:3      | Reached skill level 1 in Fighting
  3015 | D:3      | Reached XP level 4. HP: 25/25 MP: 10/13
  3814 | D:4      | Noticed a big kobold
  3824 | D:4      | Killed a big kobold
  3824 | D:4      | Reached skill level 6 in Spellcasting
  3824 | D:4      | Reached skill level 1 in Evocations
  3824 | D:4      | Reached XP level 5. HP: 27/29 MP: 11/15
  3975 | D:4      | Noticed an ogre
  3998 | D:4      | Slain by an adder

Illustrated notes

Levels and vault maps discovered:
D:1:      lordsloth_arrival_two_stooges, layout_basic, nrook_campfire,
          minmay_vboxes
D:2:      wander_river, layout_loops_cross, elyvilon_altar_5,
          chequers_ecumenical_altar_island
D:3:      layout_basic, first_ration, grunt_decor_one_mirror
D:4:      cheibrodos_quashed, layout_basic, uniq_menkaure

Skill      XL: |  1  2  3  4 |
---------------+-------------+-----
Spellcasting   | 5 6 |  6.4
Armour         | 1 |  1.0
Fighting       | 1 |  1.0
Conjurations   | 2 |  2.8
Dodging        | 3 |  3.1
Evocations     | 1 |  1.4
Stealth        | |  2.8
Summonings     | |  1.1
Translocations | |  1.1
Poison Magic   | |  0.8

Action                   |  1- 3 |  4- 6 || total
-------------------------+-------+-------++-------
Melee: Unarmed           |     9 |       ||     9
       Mace              |       |    19 ||    19
 Cast: Magic Dart        |   130 |    22 ||   152
       Mephitic Cloud    |       |     7 ||     7
       Call Imp          |       |     1 ||     1
 Stab: Confused          |       |     2 ||     2
  Eat: Chunk             |     6 |     3 ||     9
Armor: Robe              |    19 |       ||    19
       Leather armour    |     8 |     7 ||    15
Dodge: Dodged            |    62 |    15 ||    77
